%YAML 1.1
%TAG !u! tag:unity3d.com,2011:
--- !u!29 &1
OcclusionCullingSettings:
  m_ObjectHideFlags: 0
  serializedVersion: 2
  m_OcclusionBakeSettings:
    smallestOccluder: 5
    smallestHole: 0.25
    backfaceThreshold: 100
  m_SceneGUID: 00000000000000000000000000000000
  m_OcclusionCullingData: {fileID: 0}
--- !u!104 &2
RenderSettings:
  m_ObjectHideFlags: 0
  serializedVersion: 9
  m_Fog: 0
  m_FogColor: {r: 0.5, g: 0.5, b: 0.5, a: 1}
  m_FogMode: 3
  m_FogDensity: 0.01
  m_LinearFogStart: 0
  m_LinearFogEnd: 300
  m_AmbientSkyColor: {r: 0.3490566, g: 0.3490566, b: 0.3490566, a: 1}
  m_AmbientEquatorColor: {r: 0.114, g: 0.125, b: 0.133, a: 1}
  m_AmbientGroundColor: {r: 0.047, g: 0.043, b: 0.035, a: 1}
  m_AmbientIntensity: 1
  m_AmbientMode: 3
  m_SubtractiveShadowColor: {r: 0.42, g: 0.478, b: 0.627, a: 1}
  m_SkyboxMaterial: {fileID: 10304, guid: 0000000000000000f000000000000000, type: 0}
  m_HaloStrength: 0.5
  m_FlareStrength: 1
  m_FlareFadeSpeed: 3
  m_HaloTexture: {fileID: 0}
  m_SpotCookie: {fileID: 10001, guid: 0000000000000000e000000000000000, type: 0}
  m_DefaultReflectionMode: 0
  m_DefaultReflectionResolution: 128
  m_ReflectionBounces: 1
  m_ReflectionIntensity: 1
  m_CustomReflection: {fileID: 0}
  m_Sun: {fileID: 0}
  m_IndirectSpecularColor: {r: 0, g: 0, b: 0, a: 1}
  m_UseRadianceAmbientProbe: 0
--- !u!157 &3
LightmapSettings:
  m_ObjectHideFlags: 0
  serializedVersion: 11
  m_GIWorkflowMode: 1
  m_GISettings:
    serializedVersion: 2
    m_BounceScale: 1
    m_IndirectOutputScale: 1
    m_AlbedoBoost: 1
    m_EnvironmentLightingMode: 1
    m_EnableBakedLightmaps: 1
    m_EnableRealtimeLightmaps: 1
  m_LightmapEditorSettings:
    serializedVersion: 12
    m_Resolution: 2
    m_BakeResolution: 40
    m_AtlasSize: 1024
    m_AO: 0
    m_AOMaxDistance: 1
    m_CompAOExponent: 1
    m_CompAOExponentDirect: 0
    m_ExtractAmbientOcclusion: 0
    m_Padding: 2
    m_LightmapParameters: {fileID: 0}
    m_LightmapsBakeMode: 1
    m_TextureCompression: 1
    m_FinalGather: 0
    m_FinalGatherFiltering: 1
    m_FinalGatherRayCount: 256
    m_ReflectionCompression: 2
    m_MixedBakeMode: 0
    m_BakeBackend: 1
    m_PVRSampling: 1
    m_PVRDirectSampleCount: 32
    m_PVRSampleCount: 512
    m_PVRBounces: 2
    m_PVREnvironmentSampleCount: 256
    m_PVREnvironmentReferencePointCount: 2048
    m_PVRFilteringMode: 1
    m_PVRDenoiserTypeDirect: 1
    m_PVRDenoiserTypeIndirect: 1
    m_PVRDenoiserTypeAO: 1
    m_PVRFilterTypeDirect: 0
    m_PVRFilterTypeIndirect: 0
    m_PVRFilterTypeAO: 0
    m_PVREnvironmentMIS: 1
    m_PVRCulling: 1
    m_PVRFilteringGaussRadiusDirect: 1
    m_PVRFilteringGaussRadiusIndirect: 5
    m_PVRFilteringGaussRadiusAO: 2
    m_PVRFilteringAtrousPositionSigmaDirect: 0.5
    m_PVRFilteringAtrousPositionSigmaIndirect: 2
    m_PVRFilteringAtrousPositionSigmaAO: 1
    m_ExportTrainingData: 0
    m_TrainingDataDestination: TrainingData
  m_LightingDataAsset: {fileID: 0}
  m_UseShadowmask: 0
--- !u!196 &4
NavMeshSettings:
  serializedVersion: 2
  m_ObjectHideFlags: 0
  m_BuildSettings:
    serializedVersion: 2
    agentTypeID: 0
    agentRadius: 0.5
    agentHeight: 2
    agentSlope: 45
    agentClimb: 0.4
    ledgeDropHeight: 0
    maxJumpAcrossDistance: 0
    minRegionArea: 2
    manualCellSize: 0
    cellSize: 0.16666667
    manualTileSize: 0
    tileSize: 256
    accuratePlacement: 0
    debug:
      m_Flags: 0
  m_NavMeshData: {fileID: 0}
--- !u!114 &97451336 stripped
MonoBehaviour:
  m_CorrespondingSourceObject: {fileID: 1992424283, guid: 51501bc6a84b1b74eb7054f759ba88d3,
    type: 3}
  m_PrefabInstance: {fileID: 1620878503}
  m_PrefabAsset: {fileID: 0}
  m_GameObject: {fileID: 0}
  m_Enabled: 1
  m_EditorHideFlags: 0
  m_Script: {fileID: 11500000, guid: 8b9a305e18de0c04dbd257a21cd47087, type: 3}
  m_Name: 
  m_EditorClassIdentifier: 
--- !u!1 &268551038
GameObject:
  m_ObjectHideFlags: 0
  m_CorrespondingSourceObject: {fileID: 0}
  m_PrefabInstance: {fileID: 0}
  m_PrefabAsset: {fileID: 0}
  serializedVersion: 6
  m_Component:
  - component: {fileID: 268551039}
  - component: {fileID: 268551041}
  - component: {fileID: 268551040}
  m_Layer: 5
  m_Name: Text (TMP)
  m_TagString: Untagged
  m_Icon: {fileID: 0}
  m_NavMeshLayer: 0
  m_StaticEditorFlags: 0
  m_IsActive: 0
--- !u!224 &268551039
RectTransform:
  m_ObjectHideFlags: 0
  m_CorrespondingSourceObject: {fileID: 0}
  m_PrefabInstance: {fileID: 0}
  m_PrefabAsset: {fileID: 0}
  m_GameObject: {fileID: 268551038}
  m_LocalRotation: {x: 0, y: 0, z: 0, w: 1}
  m_LocalPosition: {x: 0, y: 0, z: 0}
  m_LocalScale: {x: 1, y: 1, z: 1}
  m_Children:
  - {fileID: 1192870970}
  m_Father: {fileID: 1617937931}
  m_RootOrder: 0
  m_LocalEulerAnglesHint: {x: 0, y: 0, z: 0}
  m_AnchorMin: {x: 0, y: 0}
  m_AnchorMax: {x: 1, y: 1}
  m_AnchoredPosition: {x: 0, y: 0}
  m_SizeDelta: {x: 0, y: 0}
  m_Pivot: {x: 0.5, y: 0.5}
--- !u!114 &268551040
MonoBehaviour:
  m_ObjectHideFlags: 0
  m_CorrespondingSourceObject: {fileID: 0}
  m_PrefabInstance: {fileID: 0}
  m_PrefabAsset: {fileID: 0}
  m_GameObject: {fileID: 268551038}
  m_Enabled: 1
  m_EditorHideFlags: 0
  m_Script: {fileID: 11500000, guid: f4688fdb7df04437aeb418b961361dc5, type: 3}
  m_Name: 
  m_EditorClassIdentifier: 
  m_Material: {fileID: 0}
  m_Color: {r: 1, g: 1, b: 1, a: 1}
  m_RaycastTarget: 1
  m_OnCullStateChanged:
    m_PersistentCalls:
      m_Calls: []
  m_text: 'oh chuck...


    Anyway, this is my

    last chance!'
  m_isRightToLeft: 0
  m_fontAsset: {fileID: 11400000, guid: a2725f7cf08c57b449c310c35cefbdfe, type: 2}
  m_sharedMaterial: {fileID: -4470635051188865234, guid: a2725f7cf08c57b449c310c35cefbdfe,
    type: 2}
  m_fontSharedMaterials: []
  m_fontMaterial: {fileID: 0}
  m_fontMaterials: []
  m_fontColor32:
    serializedVersion: 2
    rgba: 4294967295
  m_fontColor: {r: 1, g: 1, b: 1, a: 1}
  m_enableVertexGradient: 0
  m_colorMode: 3
  m_fontColorGradient:
    topLeft: {r: 1, g: 1, b: 1, a: 1}
    topRight: {r: 1, g: 1, b: 1, a: 1}
    bottomLeft: {r: 1, g: 1, b: 1, a: 1}
    bottomRight: {r: 1, g: 1, b: 1, a: 1}
  m_fontColorGradientPreset: {fileID: 0}
  m_spriteAsset: {fileID: 0}
  m_tintAllSprites: 0
  m_StyleSheet: {fileID: 0}
  m_TextStyleHashCode: 0
  m_overrideHtmlColors: 0
  m_faceColor:
    serializedVersion: 2
    rgba: 4294967295
  m_fontSize: 139.95
  m_fontSizeBase: 139.95
  m_fontWeight: 400
  m_enableAutoSizing: 0
  m_fontSizeMin: 18
  m_fontSizeMax: 72
  m_fontStyle: 0
  m_HorizontalAlignment: 1
  m_VerticalAlignment: 256
  m_textAlignment: 514
  m_characterSpacing: 8.3
  m_wordSpacing: 0
  m_lineSpacing: 79.39
  m_lineSpacingMax: 0
  m_paragraphSpacing: 0
  m_charWidthMaxAdj: 0
  m_enableWordWrapping: 1
  m_wordWrappingRatios: 0.4
  m_overflowMode: 0
  m_linkedTextComponent: {fileID: 0}
  parentLinkedComponent: {fileID: 0}
  m_enableKerning: 1
  m_enableExtraPadding: 0
  checkPaddingRequired: 0
  m_isRichText: 1
  m_parseCtrlCharacters: 1
  m_isOrthographic: 1
  m_isCullingEnabled: 0
  m_horizontalMapping: 0
  m_verticalMapping: 0
  m_uvLineOffset: 0
  m_geometrySortingOrder: 0
  m_IsTextObjectScaleStatic: 0
  m_VertexBufferAutoSizeReduction: 1
  m_useMaxVisibleDescender: 1
  m_pageToDisplay: 1
  m_margin: {x: 0, y: 0, z: 0, w: 0}
  m_isUsingLegacyAnimationComponent: 0
  m_isVolumetricText: 0
  m_Maskable: 1
  m_hasFontAssetChanged: 0
  m_baseMaterial: {fileID: 0}
  m_maskOffset: {x: 0, y: 0, z: 0, w: 0}
--- !u!222 &268551041
CanvasRenderer:
  m_ObjectHideFlags: 0
  m_CorrespondingSourceObject: {fileID: 0}
  m_PrefabInstance: {fileID: 0}
  m_PrefabAsset: {fileID: 0}
  m_GameObject: {fileID: 268551038}
  m_CullTransparentMesh: 0
--- !u!1001 &283905340
PrefabInstance:
  m_ObjectHideFlags: 0
  serializedVersion: 2
  m_Modification:
    m_TransformParent: {fileID: 0}
    m_Modifications:
    - target: {fileID: 8937704922238381589, guid: 00b8830b2029bd44eb2768e0c6b2394f,
        type: 3}
      propertyPath: m_Name
      value: 041_Level
      objectReference: {fileID: 0}
    - target: {fileID: 8937704922238381586, guid: 00b8830b2029bd44eb2768e0c6b2394f,
        type: 3}
      propertyPath: m_LocalPosition.x
      value: 0
      objectReference: {fileID: 0}
    - target: {fileID: 8937704922238381586, guid: 00b8830b2029bd44eb2768e0c6b2394f,
        type: 3}
      propertyPath: m_LocalPosition.y
      value: 0
      objectReference: {fileID: 0}
    - target: {fileID: 8937704922238381586, guid: 00b8830b2029bd44eb2768e0c6b2394f,
        type: 3}
      propertyPath: m_LocalPosition.z
      value: -0.4218712
      objectReference: {fileID: 0}
    - target: {fileID: 8937704922238381586, guid: 00b8830b2029bd44eb2768e0c6b2394f,
        type: 3}
      propertyPath: m_LocalRotation.x
      value: 0
      objectReference: {fileID: 0}
    - target: {fileID: 8937704922238381586, guid: 00b8830b2029bd44eb2768e0c6b2394f,
        type: 3}
      propertyPath: m_LocalRotation.y
      value: 0
      objectReference: {fileID: 0}
    - target: {fileID: 8937704922238381586, guid: 00b8830b2029bd44eb2768e0c6b2394f,
        type: 3}
      propertyPath: m_LocalRotation.z
      value: 0
      objectReference: {fileID: 0}
    - target: {fileID: 8937704922238381586, guid: 00b8830b2029bd44eb2768e0c6b2394f,
        type: 3}
      propertyPath: m_LocalRotation.w
      value: 1
      objectReference: {fileID: 0}
    - target: {fileID: 8937704922238381586, guid: 00b8830b2029bd44eb2768e0c6b2394f,
        type: 3}
      propertyPath: m_RootOrder
      value: 3
      objectReference: {fileID: 0}
    - target: {fileID: 8937704922238381586, guid: 00b8830b2029bd44eb2768e0c6b2394f,
        type: 3}
      propertyPath: m_LocalEulerAnglesHint.x
      value: 0
      objectReference: {fileID: 0}
    - target: {fileID: 8937704922238381586, guid: 00b8830b2029bd44eb2768e0c6b2394f,
        type: 3}
      propertyPath: m_LocalEulerAnglesHint.y
      value: 0
      objectReference: {fileID: 0}
    - target: {fileID: 8937704922238381586, guid: 00b8830b2029bd44eb2768e0c6b2394f,
        type: 3}
      propertyPath: m_LocalEulerAnglesHint.z
      value: 0
      objectReference: {fileID: 0}
    - target: {fileID: 7389578128314690874, guid: 00b8830b2029bd44eb2768e0c6b2394f,
        type: 3}
      propertyPath: m_LocalPosition.x
      value: 3.83
      objectReference: {fileID: 0}
    - target: {fileID: 7389578128314690874, guid: 00b8830b2029bd44eb2768e0c6b2394f,
        type: 3}
      propertyPath: m_LocalPosition.y
      value: 4.17
      objectReference: {fileID: 0}
    - target: {fileID: 3443155042287993638, guid: 00b8830b2029bd44eb2768e0c6b2394f,
        type: 3}
      propertyPath: m_LocalRotation.x
      value: 0
      objectReference: {fileID: 0}
    - target: {fileID: 3443155042287993638, guid: 00b8830b2029bd44eb2768e0c6b2394f,
        type: 3}
      propertyPath: m_LocalRotation.y
      value: 0
      objectReference: {fileID: 0}
    - target: {fileID: 3443155042287993638, guid: 00b8830b2029bd44eb2768e0c6b2394f,
        type: 3}
      propertyPath: m_LocalRotation.z
      value: 1
      objectReference: {fileID: 0}
    - target: {fileID: 3443155042287993638, guid: 00b8830b2029bd44eb2768e0c6b2394f,
        type: 3}
      propertyPath: m_LocalRotation.w
      value: 0
      objectReference: {fileID: 0}
    - target: {fileID: 3443155042287993638, guid: 00b8830b2029bd44eb2768e0c6b2394f,
        type: 3}
      propertyPath: m_LocalEulerAnglesHint.z
      value: 180
      objectReference: {fileID: 0}
    - target: {fileID: 1197882635549440225, guid: 00b8830b2029bd44eb2768e0c6b2394f,
        type: 3}
      propertyPath: m_LocalScale.y
      value: 0.2
      objectReference: {fileID: 0}
    - target: {fileID: 8082781350211089624, guid: 00b8830b2029bd44eb2768e0c6b2394f,
        type: 3}
      propertyPath: m_IsActive
      value: 0
      objectReference: {fileID: 0}
    - target: {fileID: 465460128691597982, guid: 00b8830b2029bd44eb2768e0c6b2394f,
        type: 3}
      propertyPath: m_Mesh
      value: 
      objectReference: {fileID: 0}
    - target: {fileID: 8965566810953291666, guid: 00b8830b2029bd44eb2768e0c6b2394f,
        type: 3}
      propertyPath: m_textInfo.characterCount
      value: 47
      objectReference: {fileID: 0}
    - target: {fileID: 8965566810953291666, guid: 00b8830b2029bd44eb2768e0c6b2394f,
        type: 3}
      propertyPath: m_textInfo.wordCount
      value: 8
      objectReference: {fileID: 0}
    - target: {fileID: 8965566810953291666, guid: 00b8830b2029bd44eb2768e0c6b2394f,
        type: 3}
      propertyPath: m_textInfo.lineCount
      value: 3
      objectReference: {fileID: 0}
    - target: {fileID: 8965566810953291666, guid: 00b8830b2029bd44eb2768e0c6b2394f,
        type: 3}
      propertyPath: m_textInfo.pageCount
      value: 1
      objectReference: {fileID: 0}
    - target: {fileID: 8965566810953291666, guid: 00b8830b2029bd44eb2768e0c6b2394f,
        type: 3}
      propertyPath: m_text
      value: 'I''m sorry, I''ve

        should have told

        you earlier...'
      objectReference: {fileID: 0}
    - target: {fileID: 8965566810953291666, guid: 00b8830b2029bd44eb2768e0c6b2394f,
        type: 3}
      propertyPath: m_textInfo.spaceCount
      value: 7
      objectReference: {fileID: 0}
    - target: {fileID: 5706096900560624770, guid: 00b8830b2029bd44eb2768e0c6b2394f,
        type: 3}
      propertyPath: m_Mesh
      value: 
      objectReference: {fileID: 0}
    - target: {fileID: 3830754449110710670, guid: 00b8830b2029bd44eb2768e0c6b2394f,
        type: 3}
      propertyPath: m_textInfo.characterCount
      value: 12
      objectReference: {fileID: 0}
    - target: {fileID: 3830754449110710670, guid: 00b8830b2029bd44eb2768e0c6b2394f,
        type: 3}
      propertyPath: m_textInfo.spaceCount
      value: 1
      objectReference: {fileID: 0}
    - target: {fileID: 3830754449110710670, guid: 00b8830b2029bd44eb2768e0c6b2394f,
        type: 3}
      propertyPath: m_textInfo.wordCount
      value: 2
      objectReference: {fileID: 0}
    - target: {fileID: 3830754449110710670, guid: 00b8830b2029bd44eb2768e0c6b2394f,
        type: 3}
      propertyPath: m_textInfo.lineCount
      value: 1
      objectReference: {fileID: 0}
    - target: {fileID: 3830754449110710670, guid: 00b8830b2029bd44eb2768e0c6b2394f,
        type: 3}
      propertyPath: m_textInfo.pageCount
      value: 1
      objectReference: {fileID: 0}
    - target: {fileID: 3830754449110710670, guid: 00b8830b2029bd44eb2768e0c6b2394f,
        type: 3}
      propertyPath: m_text
      value: Stay strong!
      objectReference: {fileID: 0}
    - target: {fileID: 6962509030352455170, guid: 00b8830b2029bd44eb2768e0c6b2394f,
        type: 3}
      propertyPath: m_Mesh
      value: 
      objectReference: {fileID: 0}
    - target: {fileID: 4146691358859475831, guid: 00b8830b2029bd44eb2768e0c6b2394f,
        type: 3}
      propertyPath: m_textInfo.characterCount
      value: 0
      objectReference: {fileID: 0}
    - target: {fileID: 4146691358859475831, guid: 00b8830b2029bd44eb2768e0c6b2394f,
        type: 3}
      propertyPath: m_textInfo.spaceCount
      value: 0
      objectReference: {fileID: 0}
    - target: {fileID: 4146691358859475831, guid: 00b8830b2029bd44eb2768e0c6b2394f,
        type: 3}
      propertyPath: m_textInfo.wordCount
      value: 0
      objectReference: {fileID: 0}
    - target: {fileID: 4146691358859475831, guid: 00b8830b2029bd44eb2768e0c6b2394f,
        type: 3}
      propertyPath: m_textInfo.lineCount
      value: 0
      objectReference: {fileID: 0}
    - target: {fileID: 4146691358859475831, guid: 00b8830b2029bd44eb2768e0c6b2394f,
        type: 3}
      propertyPath: m_textInfo.pageCount
      value: 0
      objectReference: {fileID: 0}
    - target: {fileID: 6931445682474473598, guid: 00b8830b2029bd44eb2768e0c6b2394f,
        type: 3}
      propertyPath: m_Mesh
      value: 
      objectReference: {fileID: 0}
    - target: {fileID: 8317854225738649570, guid: 00b8830b2029bd44eb2768e0c6b2394f,
        type: 3}
      propertyPath: m_textInfo.characterCount
      value: 0
      objectReference: {fileID: 0}
    - target: {fileID: 8317854225738649570, guid: 00b8830b2029bd44eb2768e0c6b2394f,
        type: 3}
      propertyPath: m_textInfo.spaceCount
      value: 0
      objectReference: {fileID: 0}
    - target: {fileID: 8317854225738649570, guid: 00b8830b2029bd44eb2768e0c6b2394f,
        type: 3}
      propertyPath: m_textInfo.wordCount
      value: 0
      objectReference: {fileID: 0}
    - target: {fileID: 8317854225738649570, guid: 00b8830b2029bd44eb2768e0c6b2394f,
        type: 3}
      propertyPath: m_textInfo.lineCount
      value: 0
      objectReference: {fileID: 0}
    - target: {fileID: 8317854225738649570, guid: 00b8830b2029bd44eb2768e0c6b2394f,
        type: 3}
      propertyPath: m_textInfo.pageCount
      value: 0
      objectReference: {fileID: 0}
    - target: {fileID: 6171502500058075519, guid: 00b8830b2029bd44eb2768e0c6b2394f,
        type: 3}
      propertyPath: m_Mesh
      value: 
      objectReference: {fileID: 0}
    - target: {fileID: 8772153352098708190, guid: 00b8830b2029bd44eb2768e0c6b2394f,
        type: 3}
      propertyPath: m_textInfo.characterCount
      value: 0
      objectReference: {fileID: 0}
    - target: {fileID: 8772153352098708190, guid: 00b8830b2029bd44eb2768e0c6b2394f,
        type: 3}
      propertyPath: m_textInfo.spaceCount
      value: 0
      objectReference: {fileID: 0}
    - target: {fileID: 8772153352098708190, guid: 00b8830b2029bd44eb2768e0c6b2394f,
        type: 3}
      propertyPath: m_textInfo.wordCount
      value: 0
      objectReference: {fileID: 0}
    - target: {fileID: 8772153352098708190, guid: 00b8830b2029bd44eb2768e0c6b2394f,
        type: 3}
      propertyPath: m_textInfo.lineCount
      value: 0
      objectReference: {fileID: 0}
    - target: {fileID: 8772153352098708190, guid: 00b8830b2029bd44eb2768e0c6b2394f,
        type: 3}
      propertyPath: m_textInfo.pageCount
      value: 0
      objectReference: {fileID: 0}
    - target: {fileID: 7995941327749480949, guid: 00b8830b2029bd44eb2768e0c6b2394f,
        type: 3}
      propertyPath: m_Mesh
      value: 
      objectReference: {fileID: 0}
    - target: {fileID: 9054714664569771625, guid: 00b8830b2029bd44eb2768e0c6b2394f,
        type: 3}
      propertyPath: m_textInfo.characterCount
      value: 0
      objectReference: {fileID: 0}
    - target: {fileID: 9054714664569771625, guid: 00b8830b2029bd44eb2768e0c6b2394f,
        type: 3}
      propertyPath: m_textInfo.spaceCount
      value: 0
      objectReference: {fileID: 0}
    - target: {fileID: 9054714664569771625, guid: 00b8830b2029bd44eb2768e0c6b2394f,
        type: 3}
      propertyPath: m_textInfo.wordCount
      value: 0
      objectReference: {fileID: 0}
    - target: {fileID: 9054714664569771625, guid: 00b8830b2029bd44eb2768e0c6b2394f,
        type: 3}
      propertyPath: m_textInfo.lineCount
      value: 0
      objectReference: {fileID: 0}
    - target: {fileID: 9054714664569771625, guid: 00b8830b2029bd44eb2768e0c6b2394f,
        type: 3}
      propertyPath: m_textInfo.pageCount
      value: 0
      objectReference: {fileID: 0}
    - target: {fileID: 4344092361450827019, guid: 00b8830b2029bd44eb2768e0c6b2394f,
        type: 3}
      propertyPath: m_Mesh
      value: 
      objectReference: {fileID: 0}
    - target: {fileID: 5531048255001951347, guid: 00b8830b2029bd44eb2768e0c6b2394f,
        type: 3}
      propertyPath: m_textInfo.characterCount
      value: 0
      objectReference: {fileID: 0}
    - target: {fileID: 5531048255001951347, guid: 00b8830b2029bd44eb2768e0c6b2394f,
        type: 3}
      propertyPath: m_textInfo.spaceCount
      value: 0
      objectReference: {fileID: 0}
    - target: {fileID: 5531048255001951347, guid: 00b8830b2029bd44eb2768e0c6b2394f,
        type: 3}
      propertyPath: m_textInfo.wordCount
      value: 0
      objectReference: {fileID: 0}
    - target: {fileID: 5531048255001951347, guid: 00b8830b2029bd44eb2768e0c6b2394f,
        type: 3}
      propertyPath: m_textInfo.lineCount
      value: 0
      objectReference: {fileID: 0}
    - target: {fileID: 5531048255001951347, guid: 00b8830b2029bd44eb2768e0c6b2394f,
        type: 3}
      propertyPath: m_textInfo.pageCount
      value: 0
      objectReference: {fileID: 0}
    - target: {fileID: 6694859916264830349, guid: 00b8830b2029bd44eb2768e0c6b2394f,
        type: 3}
      propertyPath: m_Mesh
      value: 
      objectReference: {fileID: 0}
    - target: {fileID: 5744181732192248337, guid: 00b8830b2029bd44eb2768e0c6b2394f,
        type: 3}
      propertyPath: m_textInfo.characterCount
      value: 0
      objectReference: {fileID: 0}
    - target: {fileID: 5744181732192248337, guid: 00b8830b2029bd44eb2768e0c6b2394f,
        type: 3}
      propertyPath: m_textInfo.spaceCount
      value: 0
      objectReference: {fileID: 0}
    - target: {fileID: 5744181732192248337, guid: 00b8830b2029bd44eb2768e0c6b2394f,
        type: 3}
      propertyPath: m_textInfo.wordCount
      value: 0
      objectReference: {fileID: 0}
    - target: {fileID: 5744181732192248337, guid: 00b8830b2029bd44eb2768e0c6b2394f,
        type: 3}
      propertyPath: m_textInfo.lineCount
      value: 0
      objectReference: {fileID: 0}
    - target: {fileID: 5744181732192248337, guid: 00b8830b2029bd44eb2768e0c6b2394f,
        type: 3}
      propertyPath: m_textInfo.pageCount
      value: 0
      objectReference: {fileID: 0}
    - target: {fileID: 1752811042221501894, guid: 00b8830b2029bd44eb2768e0c6b2394f,
        type: 3}
      propertyPath: m_LocalPosition.x
      value: -0.788
      objectReference: {fileID: 0}
    - target: {fileID: 3070912630841290442, guid: 00b8830b2029bd44eb2768e0c6b2394f,
        type: 3}
      propertyPath: m_Mesh
      value: 
      objectReference: {fileID: 0}
    - target: {fileID: 8207843115976361729, guid: 00b8830b2029bd44eb2768e0c6b2394f,
        type: 3}
      propertyPath: m_textInfo.characterCount
      value: 0
      objectReference: {fileID: 0}
    - target: {fileID: 8207843115976361729, guid: 00b8830b2029bd44eb2768e0c6b2394f,
        type: 3}
      propertyPath: m_textInfo.spaceCount
      value: 0
      objectReference: {fileID: 0}
    - target: {fileID: 8207843115976361729, guid: 00b8830b2029bd44eb2768e0c6b2394f,
        type: 3}
      propertyPath: m_textInfo.wordCount
      value: 0
      objectReference: {fileID: 0}
    - target: {fileID: 8207843115976361729, guid: 00b8830b2029bd44eb2768e0c6b2394f,
        type: 3}
      propertyPath: m_textInfo.lineCount
      value: 0
      objectReference: {fileID: 0}
    - target: {fileID: 8207843115976361729, guid: 00b8830b2029bd44eb2768e0c6b2394f,
        type: 3}
      propertyPath: m_textInfo.pageCount
      value: 0
      objectReference: {fileID: 0}
    - target: {fileID: 2618888942822356801, guid: 00b8830b2029bd44eb2768e0c6b2394f,
        type: 3}
      propertyPath: m_Mesh
      value: 
      objectReference: {fileID: 0}
    - target: {fileID: 9164304665716317834, guid: 00b8830b2029bd44eb2768e0c6b2394f,
        type: 3}
      propertyPath: m_textInfo.characterCount
      value: 0
      objectReference: {fileID: 0}
    - target: {fileID: 9164304665716317834, guid: 00b8830b2029bd44eb2768e0c6b2394f,
        type: 3}
      propertyPath: m_textInfo.spaceCount
      value: 0
      objectReference: {fileID: 0}
    - target: {fileID: 9164304665716317834, guid: 00b8830b2029bd44eb2768e0c6b2394f,
        type: 3}
      propertyPath: m_textInfo.wordCount
      value: 0
      objectReference: {fileID: 0}
    - target: {fileID: 9164304665716317834, guid: 00b8830b2029bd44eb2768e0c6b2394f,
        type: 3}
      propertyPath: m_textInfo.lineCount
      value: 0
      objectReference: {fileID: 0}
    - target: {fileID: 9164304665716317834, guid: 00b8830b2029bd44eb2768e0c6b2394f,
        type: 3}
      propertyPath: m_textInfo.pageCount
      value: 0
      objectReference: {fileID: 0}
    m_RemovedComponents:
    - {fileID: 3181672985498253240, guid: 00b8830b2029bd44eb2768e0c6b2394f, type: 3}
    - {fileID: 4103027981474541214, guid: 00b8830b2029bd44eb2768e0c6b2394f, type: 3}
  m_SourcePrefab: {fileID: 100100000, guid: 00b8830b2029bd44eb2768e0c6b2394f, type: 3}
--- !u!4 &283905341 stripped
Transform:
  m_CorrespondingSourceObject: {fileID: 6098991129953445397, guid: 00b8830b2029bd44eb2768e0c6b2394f,
    type: 3}
  m_PrefabInstance: {fileID: 283905340}
  m_PrefabAsset: {fileID: 0}
--- !u!1001 &966513581
PrefabInstance:
  m_ObjectHideFlags: 0
  serializedVersion: 2
  m_Modification:
    m_TransformParent: {fileID: 283905341}
    m_Modifications:
    - target: {fileID: 8815489261426211773, guid: ddada0e1f0c34436b9709ce18f0cc0f7,
        type: 3}
      propertyPath: m_Name
      value: WallMonitorWithText (2)
      objectReference: {fileID: 0}
    - target: {fileID: 5502987367810259128, guid: ddada0e1f0c34436b9709ce18f0cc0f7,
        type: 3}
      propertyPath: m_textInfo.characterCount
      value: 59
      objectReference: {fileID: 0}
    - target: {fileID: 5502987367810259128, guid: ddada0e1f0c34436b9709ce18f0cc0f7,
        type: 3}
      propertyPath: m_textInfo.spaceCount
      value: 10
      objectReference: {fileID: 0}
    - target: {fileID: 5502987367810259128, guid: ddada0e1f0c34436b9709ce18f0cc0f7,
        type: 3}
      propertyPath: m_textInfo.wordCount
      value: 11
      objectReference: {fileID: 0}
    - target: {fileID: 5502987367810259128, guid: ddada0e1f0c34436b9709ce18f0cc0f7,
        type: 3}
      propertyPath: m_textInfo.lineCount
      value: 4
      objectReference: {fileID: 0}
    - target: {fileID: 5502987367810259128, guid: ddada0e1f0c34436b9709ce18f0cc0f7,
        type: 3}
      propertyPath: m_textInfo.pageCount
      value: 1
      objectReference: {fileID: 0}
    - target: {fileID: 5502987367810259128, guid: ddada0e1f0c34436b9709ce18f0cc0f7,
        type: 3}
      propertyPath: m_text
      value: You may reached the exit, but your mind is still trapped...
      objectReference: {fileID: 0}
    - target: {fileID: 5502987367810259128, guid: ddada0e1f0c34436b9709ce18f0cc0f7,
        type: 3}
      propertyPath: m_firstOverflowCharacterIndex
      value: -1
      objectReference: {fileID: 0}
    - target: {fileID: 5502987367810259128, guid: ddada0e1f0c34436b9709ce18f0cc0f7,
        type: 3}
      propertyPath: m_fontSize
      value: 1.32
      objectReference: {fileID: 0}
    - target: {fileID: 5502987367810259128, guid: ddada0e1f0c34436b9709ce18f0cc0f7,
        type: 3}
      propertyPath: m_fontSizeBase
      value: 1.32
      objectReference: {fileID: 0}
    - target: {fileID: 5502987367810259128, guid: ddada0e1f0c34436b9709ce18f0cc0f7,
        type: 3}
      propertyPath: m_TextStyleHashCode
      value: -1183493901
      objectReference: {fileID: 0}
    - target: {fileID: 5502987367810259128, guid: ddada0e1f0c34436b9709ce18f0cc0f7,
        type: 3}
      propertyPath: m_HorizontalAlignment
      value: 2
      objectReference: {fileID: 0}
    - target: {fileID: 5502987367810259128, guid: ddada0e1f0c34436b9709ce18f0cc0f7,
        type: 3}
      propertyPath: m_VerticalAlignment
      value: 512
      objectReference: {fileID: 0}
    - target: {fileID: 5502987367810259128, guid: ddada0e1f0c34436b9709ce18f0cc0f7,
        type: 3}
      propertyPath: m_textAlignment
      value: 65535
      objectReference: {fileID: 0}
    - target: {fileID: 6250873680786399760, guid: ddada0e1f0c34436b9709ce18f0cc0f7,
        type: 3}
      propertyPath: m_LocalPosition.x
      value: 9.3
      objectReference: {fileID: 0}
    - target: {fileID: 6250873680786399760, guid: ddada0e1f0c34436b9709ce18f0cc0f7,
        type: 3}
      propertyPath: m_LocalPosition.y
      value: 4.17
      objectReference: {fileID: 0}
    - target: {fileID: 6250873680786399760, guid: ddada0e1f0c34436b9709ce18f0cc0f7,
        type: 3}
      propertyPath: m_LocalPosition.z
      value: 4.598129
      objectReference: {fileID: 0}
    - target: {fileID: 6250873680786399760, guid: ddada0e1f0c34436b9709ce18f0cc0f7,
        type: 3}
      propertyPath: m_LocalRotation.x
      value: -0
      objectReference: {fileID: 0}
    - target: {fileID: 6250873680786399760, guid: ddada0e1f0c34436b9709ce18f0cc0f7,
        type: 3}
      propertyPath: m_LocalRotation.y
      value: -0
      objectReference: {fileID: 0}
    - target: {fileID: 6250873680786399760, guid: ddada0e1f0c34436b9709ce18f0cc0f7,
        type: 3}
      propertyPath: m_LocalRotation.z
      value: -0
      objectReference: {fileID: 0}
    - target: {fileID: 6250873680786399760, guid: ddada0e1f0c34436b9709ce18f0cc0f7,
        type: 3}
      propertyPath: m_LocalRotation.w
      value: 1
      objectReference: {fileID: 0}
    - target: {fileID: 6250873680786399760, guid: ddada0e1f0c34436b9709ce18f0cc0f7,
        type: 3}
      propertyPath: m_RootOrder
      value: 13
      objectReference: {fileID: 0}
    - target: {fileID: 6250873680786399760, guid: ddada0e1f0c34436b9709ce18f0cc0f7,
        type: 3}
      propertyPath: m_LocalEulerAnglesHint.x
      value: 0
      objectReference: {fileID: 0}
    - target: {fileID: 6250873680786399760, guid: ddada0e1f0c34436b9709ce18f0cc0f7,
        type: 3}
      propertyPath: m_LocalEulerAnglesHint.y
      value: 0
      objectReference: {fileID: 0}
    - target: {fileID: 6250873680786399760, guid: ddada0e1f0c34436b9709ce18f0cc0f7,
        type: 3}
      propertyPath: m_LocalEulerAnglesHint.z
      value: 0
      objectReference: {fileID: 0}
    - target: {fileID: 6250873680786399760, guid: ddada0e1f0c34436b9709ce18f0cc0f7,
        type: 3}
      propertyPath: m_LocalScale.x
      value: 4.0299997
      objectReference: {fileID: 0}
    - target: {fileID: 6250873680786399760, guid: ddada0e1f0c34436b9709ce18f0cc0f7,
        type: 3}
      propertyPath: m_LocalScale.y
      value: 2.9299998
      objectReference: {fileID: 0}
    - target: {fileID: 6250873680786399760, guid: ddada0e1f0c34436b9709ce18f0cc0f7,
        type: 3}
      propertyPath: m_LocalScale.z
      value: 0.07846
      objectReference: {fileID: 0}
    - target: {fileID: 3911160621079002548, guid: ddada0e1f0c34436b9709ce18f0cc0f7,
        type: 3}
      propertyPath: m_Mesh
      value: 
      objectReference: {fileID: 0}
    m_RemovedComponents: []
  m_SourcePrefab: {fileID: 100100000, guid: ddada0e1f0c34436b9709ce18f0cc0f7, type: 3}
--- !u!1001 &990259459
PrefabInstance:
  m_ObjectHideFlags: 0
  serializedVersion: 2
  m_Modification:
    m_TransformParent: {fileID: 283905341}
    m_Modifications:
    - target: {fileID: 8815489261426211773, guid: ddada0e1f0c34436b9709ce18f0cc0f7,
        type: 3}
      propertyPath: m_Name
      value: WallMonitorWithText (4)
      objectReference: {fileID: 0}
    - target: {fileID: 5502987367810259128, guid: ddada0e1f0c34436b9709ce18f0cc0f7,
        type: 3}
      propertyPath: m_textInfo.characterCount
      value: 26
      objectReference: {fileID: 0}
    - target: {fileID: 5502987367810259128, guid: ddada0e1f0c34436b9709ce18f0cc0f7,
        type: 3}
      propertyPath: m_textInfo.spaceCount
      value: 6
      objectReference: {fileID: 0}
    - target: {fileID: 5502987367810259128, guid: ddada0e1f0c34436b9709ce18f0cc0f7,
        type: 3}
      propertyPath: m_textInfo.wordCount
      value: 7
      objectReference: {fileID: 0}
    - target: {fileID: 5502987367810259128, guid: ddada0e1f0c34436b9709ce18f0cc0f7,
        type: 3}
      propertyPath: m_textInfo.lineCount
      value: 2
      objectReference: {fileID: 0}
    - target: {fileID: 5502987367810259128, guid: ddada0e1f0c34436b9709ce18f0cc0f7,
        type: 3}
      propertyPath: m_textInfo.pageCount
      value: 1
      objectReference: {fileID: 0}
    - target: {fileID: 5502987367810259128, guid: ddada0e1f0c34436b9709ce18f0cc0f7,
        type: 3}
      propertyPath: m_text
      value: I am sure you can do that!
      objectReference: {fileID: 0}
    - target: {fileID: 5502987367810259128, guid: ddada0e1f0c34436b9709ce18f0cc0f7,
        type: 3}
      propertyPath: m_firstOverflowCharacterIndex
      value: -1
      objectReference: {fileID: 0}
    - target: {fileID: 5502987367810259128, guid: ddada0e1f0c34436b9709ce18f0cc0f7,
        type: 3}
      propertyPath: m_fontSize
      value: 1.5
      objectReference: {fileID: 0}
    - target: {fileID: 5502987367810259128, guid: ddada0e1f0c34436b9709ce18f0cc0f7,
        type: 3}
      propertyPath: m_fontSizeBase
      value: 1.5
      objectReference: {fileID: 0}
    - target: {fileID: 6250873680786399760, guid: ddada0e1f0c34436b9709ce18f0cc0f7,
        type: 3}
      propertyPath: m_LocalPosition.x
      value: 20.54
      objectReference: {fileID: 0}
    - target: {fileID: 6250873680786399760, guid: ddada0e1f0c34436b9709ce18f0cc0f7,
        type: 3}
      propertyPath: m_LocalPosition.y
      value: 0.24
      objectReference: {fileID: 0}
    - target: {fileID: 6250873680786399760, guid: ddada0e1f0c34436b9709ce18f0cc0f7,
        type: 3}
      propertyPath: m_LocalPosition.z
      value: -2.14
      objectReference: {fileID: 0}
    - target: {fileID: 6250873680786399760, guid: ddada0e1f0c34436b9709ce18f0cc0f7,
        type: 3}
      propertyPath: m_LocalRotation.x
      value: 0.7071068
      objectReference: {fileID: 0}
    - target: {fileID: 6250873680786399760, guid: ddada0e1f0c34436b9709ce18f0cc0f7,
        type: 3}
      propertyPath: m_LocalRotation.y
      value: 0
      objectReference: {fileID: 0}
    - target: {fileID: 6250873680786399760, guid: ddada0e1f0c34436b9709ce18f0cc0f7,
        type: 3}
      propertyPath: m_LocalRotation.z
      value: 0
      objectReference: {fileID: 0}
    - target: {fileID: 6250873680786399760, guid: ddada0e1f0c34436b9709ce18f0cc0f7,
        type: 3}
      propertyPath: m_LocalRotation.w
      value: 0.7071068
      objectReference: {fileID: 0}
    - target: {fileID: 6250873680786399760, guid: ddada0e1f0c34436b9709ce18f0cc0f7,
        type: 3}
      propertyPath: m_RootOrder
      value: 15
      objectReference: {fileID: 0}
    - target: {fileID: 6250873680786399760, guid: ddada0e1f0c34436b9709ce18f0cc0f7,
        type: 3}
      propertyPath: m_LocalEulerAnglesHint.x
      value: 90
      objectReference: {fileID: 0}
    - target: {fileID: 6250873680786399760, guid: ddada0e1f0c34436b9709ce18f0cc0f7,
        type: 3}
      propertyPath: m_LocalEulerAnglesHint.y
      value: 0
      objectReference: {fileID: 0}
    - target: {fileID: 6250873680786399760, guid: ddada0e1f0c34436b9709ce18f0cc0f7,
        type: 3}
      propertyPath: m_LocalEulerAnglesHint.z
      value: 0
      objectReference: {fileID: 0}
    - target: {fileID: 6250873680786399760, guid: ddada0e1f0c34436b9709ce18f0cc0f7,
        type: 3}
      propertyPath: m_LocalScale.x
      value: 4.0299997
      objectReference: {fileID: 0}
    - target: {fileID: 6250873680786399760, guid: ddada0e1f0c34436b9709ce18f0cc0f7,
        type: 3}
      propertyPath: m_LocalScale.y
      value: 2.9299998
      objectReference: {fileID: 0}
    - target: {fileID: 6250873680786399760, guid: ddada0e1f0c34436b9709ce18f0cc0f7,
        type: 3}
      propertyPath: m_LocalScale.z
      value: 0.07846
      objectReference: {fileID: 0}
    - target: {fileID: 3911160621079002548, guid: ddada0e1f0c34436b9709ce18f0cc0f7,
        type: 3}
      propertyPath: m_Mesh
      value: 
      objectReference: {fileID: 0}
    m_RemovedComponents: []
  m_SourcePrefab: {fileID: 100100000, guid: ddada0e1f0c34436b9709ce18f0cc0f7, type: 3}
--- !u!1001 &1147013174
PrefabInstance:
  m_ObjectHideFlags: 0
  serializedVersion: 2
  m_Modification:
    m_TransformParent: {fileID: 283905341}
    m_Modifications:
    - target: {fileID: 8815489261426211773, guid: ddada0e1f0c34436b9709ce18f0cc0f7,
        type: 3}
      propertyPath: m_Name
      value: WallMonitorWithText (3)
      objectReference: {fileID: 0}
    - target: {fileID: 5502987367810259128, guid: ddada0e1f0c34436b9709ce18f0cc0f7,
        type: 3}
      propertyPath: m_textInfo.characterCount
      value: 37
      objectReference: {fileID: 0}
    - target: {fileID: 5502987367810259128, guid: ddada0e1f0c34436b9709ce18f0cc0f7,
        type: 3}
      propertyPath: m_textInfo.spaceCount
      value: 7
      objectReference: {fileID: 0}
    - target: {fileID: 5502987367810259128, guid: ddada0e1f0c34436b9709ce18f0cc0f7,
        type: 3}
      propertyPath: m_textInfo.wordCount
      value: 8
      objectReference: {fileID: 0}
    - target: {fileID: 5502987367810259128, guid: ddada0e1f0c34436b9709ce18f0cc0f7,
        type: 3}
      propertyPath: m_textInfo.lineCount
      value: 3
      objectReference: {fileID: 0}
    - target: {fileID: 5502987367810259128, guid: ddada0e1f0c34436b9709ce18f0cc0f7,
        type: 3}
      propertyPath: m_textInfo.pageCount
      value: 1
      objectReference: {fileID: 0}
    - target: {fileID: 5502987367810259128, guid: ddada0e1f0c34436b9709ce18f0cc0f7,
        type: 3}
      propertyPath: m_text
      value: So you also need to escape your mind.
      objectReference: {fileID: 0}
    - target: {fileID: 5502987367810259128, guid: ddada0e1f0c34436b9709ce18f0cc0f7,
        type: 3}
      propertyPath: m_firstOverflowCharacterIndex
      value: -1
      objectReference: {fileID: 0}
    - target: {fileID: 5502987367810259128, guid: ddada0e1f0c34436b9709ce18f0cc0f7,
        type: 3}
      propertyPath: m_fontSize
      value: 1.5
      objectReference: {fileID: 0}
    - target: {fileID: 5502987367810259128, guid: ddada0e1f0c34436b9709ce18f0cc0f7,
        type: 3}
      propertyPath: m_fontSizeBase
      value: 1.5
      objectReference: {fileID: 0}
    - target: {fileID: 6250873680786399760, guid: ddada0e1f0c34436b9709ce18f0cc0f7,
        type: 3}
      propertyPath: m_LocalPosition.x
      value: 14.89
      objectReference: {fileID: 0}
    - target: {fileID: 6250873680786399760, guid: ddada0e1f0c34436b9709ce18f0cc0f7,
        type: 3}
      propertyPath: m_LocalPosition.y
      value: 4.17
      objectReference: {fileID: 0}
    - target: {fileID: 6250873680786399760, guid: ddada0e1f0c34436b9709ce18f0cc0f7,
        type: 3}
      propertyPath: m_LocalPosition.z
      value: 4.598129
      objectReference: {fileID: 0}
    - target: {fileID: 6250873680786399760, guid: ddada0e1f0c34436b9709ce18f0cc0f7,
        type: 3}
      propertyPath: m_LocalRotation.x
      value: -0
      objectReference: {fileID: 0}
    - target: {fileID: 6250873680786399760, guid: ddada0e1f0c34436b9709ce18f0cc0f7,
        type: 3}
      propertyPath: m_LocalRotation.y
      value: -0
      objectReference: {fileID: 0}
    - target: {fileID: 6250873680786399760, guid: ddada0e1f0c34436b9709ce18f0cc0f7,
        type: 3}
      propertyPath: m_LocalRotation.z
      value: -0
      objectReference: {fileID: 0}
    - target: {fileID: 6250873680786399760, guid: ddada0e1f0c34436b9709ce18f0cc0f7,
        type: 3}
      propertyPath: m_LocalRotation.w
      value: 1
      objectReference: {fileID: 0}
    - target: {fileID: 6250873680786399760, guid: ddada0e1f0c34436b9709ce18f0cc0f7,
        type: 3}
      propertyPath: m_RootOrder
      value: 14
      objectReference: {fileID: 0}
    - target: {fileID: 6250873680786399760, guid: ddada0e1f0c34436b9709ce18f0cc0f7,
        type: 3}
      propertyPath: m_LocalEulerAnglesHint.x
      value: 0
      objectReference: {fileID: 0}
    - target: {fileID: 6250873680786399760, guid: ddada0e1f0c34436b9709ce18f0cc0f7,
        type: 3}
      propertyPath: m_LocalEulerAnglesHint.y
      value: 0
      objectReference: {fileID: 0}
    - target: {fileID: 6250873680786399760, guid: ddada0e1f0c34436b9709ce18f0cc0f7,
        type: 3}
      propertyPath: m_LocalEulerAnglesHint.z
      value: 0
      objectReference: {fileID: 0}
    - target: {fileID: 6250873680786399760, guid: ddada0e1f0c34436b9709ce18f0cc0f7,
        type: 3}
      propertyPath: m_LocalScale.x
      value: 4.0299997
      objectReference: {fileID: 0}
    - target: {fileID: 6250873680786399760, guid: ddada0e1f0c34436b9709ce18f0cc0f7,
        type: 3}
      propertyPath: m_LocalScale.y
      value: 2.9299998
      objectReference: {fileID: 0}
    - target: {fileID: 6250873680786399760, guid: ddada0e1f0c34436b9709ce18f0cc0f7,
        type: 3}
      propertyPath: m_LocalScale.z
      value: 0.07846
      objectReference: {fileID: 0}
    - target: {fileID: 3911160621079002548, guid: ddada0e1f0c34436b9709ce18f0cc0f7,
        type: 3}
      propertyPath: m_Mesh
      value: 
      objectReference: {fileID: 0}
    m_RemovedComponents: []
  m_SourcePrefab: {fileID: 100100000, guid: ddada0e1f0c34436b9709ce18f0cc0f7, type: 3}
--- !u!1 &1192870967
GameObject:
  m_ObjectHideFlags: 0
  m_CorrespondingSourceObject: {fileID: 0}
  m_PrefabInstance: {fileID: 0}
  m_PrefabAsset: {fileID: 0}
  serializedVersion: 6
  m_Component:
  - component: {fileID: 1192870970}
  - component: {fileID: 1192870969}
  - component: {fileID: 1192870968}
  m_Layer: 5
  m_Name: TMP SubMeshUI [Schluber SDF Material + LiberationSans SDF Atlas]
  m_TagString: Untagged
  m_Icon: {fileID: 0}
  m_NavMeshLayer: 0
  m_StaticEditorFlags: 0
  m_IsActive: 1
--- !u!114 &1192870968
MonoBehaviour:
  m_ObjectHideFlags: 0
  m_CorrespondingSourceObject: {fileID: 0}
  m_PrefabInstance: {fileID: 0}
  m_PrefabAsset: {fileID: 0}
  m_GameObject: {fileID: 1192870967}
  m_Enabled: 0
  m_EditorHideFlags: 0
  m_Script: {fileID: 11500000, guid: 058cba836c1846c3aa1c5fd2e28aea77, type: 3}
  m_Name: 
  m_EditorClassIdentifier: 
  m_Material: {fileID: 0}
  m_Color: {r: 1, g: 1, b: 1, a: 1}
  m_RaycastTarget: 1
  m_OnCullStateChanged:
    m_PersistentCalls:
      m_Calls: []
  m_fontAsset: {fileID: 11400000, guid: 8f586378b4e144a9851e7b34d9b748ee, type: 2}
  m_spriteAsset: {fileID: 0}
  m_material: {fileID: 0}
  m_sharedMaterial: {fileID: 0}
  m_isDefaultMaterial: 0
  m_padding: 0
  m_TextComponent: {fileID: 268551040}
  m_materialReferenceIndex: 1
--- !u!222 &1192870969
CanvasRenderer:
  m_ObjectHideFlags: 0
  m_CorrespondingSourceObject: {fileID: 0}
  m_PrefabInstance: {fileID: 0}
  m_PrefabAsset: {fileID: 0}
  m_GameObject: {fileID: 1192870967}
  m_CullTransparentMesh: 0
--- !u!224 &1192870970
RectTransform:
  m_ObjectHideFlags: 0
  m_CorrespondingSourceObject: {fileID: 0}
  m_PrefabInstance: {fileID: 0}
  m_PrefabAsset: {fileID: 0}
  m_GameObject: {fileID: 1192870967}
  m_LocalRotation: {x: 0, y: 0, z: 0, w: 1}
  m_LocalPosition: {x: 0, y: 0, z: 0}
  m_LocalScale: {x: 1, y: 1, z: 1}
  m_Children: []
  m_Father: {fileID: 268551039}
  m_RootOrder: 0
  m_LocalEulerAnglesHint: {x: 0, y: 0, z: 0}
  m_AnchorMin: {x: 0, y: 0}
  m_AnchorMax: {x: 1, y: 1}
  m_AnchoredPosition: {x: 0, y: 0}
  m_SizeDelta: {x: 0, y: 0}
  m_Pivot: {x: 0.5, y: 0.5}
--- !u!1 &1352587834
GameObject:
  m_ObjectHideFlags: 0
  m_CorrespondingSourceObject: {fileID: 0}
  m_PrefabInstance: {fileID: 0}
  m_PrefabAsset: {fileID: 0}
  serializedVersion: 6
  m_Component:
  - component: {fileID: 1352587836}
  - component: {fileID: 1352587835}
  - component: {fileID: 1352587837}
  m_Layer: 0
  m_Name: TransitionSceneController
  m_TagString: Untagged
  m_Icon: {fileID: 0}
  m_NavMeshLayer: 0
  m_StaticEditorFlags: 0
  m_IsActive: 1
--- !u!114 &1352587835
MonoBehaviour:
  m_ObjectHideFlags: 0
  m_CorrespondingSourceObject: {fileID: 0}
  m_PrefabInstance: {fileID: 0}
  m_PrefabAsset: {fileID: 0}
  m_GameObject: {fileID: 1352587834}
  m_Enabled: 1
  m_EditorHideFlags: 0
  m_Script: {fileID: 11500000, guid: e084cd80f5de0f344a21372d6af0ae12, type: 3}
  m_Name: 
  m_EditorClassIdentifier: 
  BlackOverlay: {fileID: 1617937934}
  PpVolume: {fileID: 97451336}
  TextGameobject: {fileID: 268551038}
  ColorGradingOverlayColor: {r: 1, g: 0.91093403, b: 0.8537736, a: 1}
--- !u!4 &1352587836
Transform:
  m_ObjectHideFlags: 0
  m_CorrespondingSourceObject: {fileID: 0}
  m_PrefabInstance: {fileID: 0}
  m_PrefabAsset: {fileID: 0}
  m_GameObject: {fileID: 1352587834}
  m_LocalRotation: {x: 0, y: 0, z: 0, w: 1}
  m_LocalPosition: {x: -1.7129493, y: 0.43098462, z: 4.429246}
  m_LocalScale: {x: 1, y: 1, z: 1}
  m_Children: []
  m_Father: {fileID: 0}
  m_RootOrder: 4
  m_LocalEulerAnglesHint: {x: 0, y: 0, z: 0}
--- !u!82 &1352587837
AudioSource:
  m_ObjectHideFlags: 0
  m_CorrespondingSourceObject: {fileID: 0}
  m_PrefabInstance: {fileID: 0}
  m_PrefabAsset: {fileID: 0}
  m_GameObject: {fileID: 1352587834}
  m_Enabled: 1
  serializedVersion: 4
  OutputAudioMixerGroup: {fileID: 0}
  m_audioClip: {fileID: 8300000, guid: 0fd2e9866b0e64a46afd0c25de0b2c7f, type: 3}
  m_PlayOnAwake: 1
  m_Volume: 0.6
  m_Pitch: 1
  Loop: 1
  Mute: 0
  Spatialize: 0
  SpatializePostEffects: 0
  Priority: 128
  DopplerLevel: 1
  MinDistance: 1
  MaxDistance: 500
  Pan2D: 0
  rolloffMode: 0
  BypassEffects: 0
  BypassListenerEffects: 0
  BypassReverbZones: 0
  rolloffCustomCurve:
    serializedVersion: 2
    m_Curve:
    - serializedVersion: 3
      time: 0
      value: 1
      inSlope: 0
      outSlope: 0
      tangentMode: 0
      weightedMode: 0
      inWeight: 0.33333334
      outWeight: 0.33333334
    - serializedVersion: 3
      time: 1
      value: 0
      inSlope: 0
      outSlope: 0
      tangentMode: 0
      weightedMode: 0
      inWeight: 0.33333334
      outWeight: 0.33333334
    m_PreInfinity: 2
    m_PostInfinity: 2
    m_RotationOrder: 4
  panLevelCustomCurve:
    serializedVersion: 2
    m_Curve:
    - serializedVersion: 3
      time: 0
      value: 0
      inSlope: 0
      outSlope: 0
      tangentMode: 0
      weightedMode: 0
      inWeight: 0.33333334
      outWeight: 0.33333334
    m_PreInfinity: 2
    m_PostInfinity: 2
    m_RotationOrder: 4
  spreadCustomCurve:
    serializedVersion: 2
    m_Curve:
    - serializedVersion: 3
      time: 0
      value: 0
      inSlope: 0
      outSlope: 0
      tangentMode: 0
      weightedMode: 0
      inWeight: 0.33333334
      outWeight: 0.33333334
    m_PreInfinity: 2
    m_PostInfinity: 2
    m_RotationOrder: 4
  reverbZoneMixCustomCurve:
    serializedVersion: 2
    m_Curve:
    - serializedVersion: 3
      time: 0
      value: 1
      inSlope: 0
      outSlope: 0
      tangentMode: 0
      weightedMode: 0
      inWeight: 0.33333334
      outWeight: 0.33333334
    m_PreInfinity: 2
    m_PostInfinity: 2
    m_RotationOrder: 4
--- !u!1 &1386633732
GameObject:
  m_ObjectHideFlags: 0
  m_CorrespondingSourceObject: {fileID: 0}
  m_PrefabInstance: {fileID: 0}
  m_PrefabAsset: {fileID: 0}
  serializedVersion: 6
  m_Component:
  - component: {fileID: 1386633735}
  - component: {fileID: 1386633734}
  - component: {fileID: 1386633733}
  m_Layer: 0
  m_Name: EventSystem
  m_TagString: Untagged
  m_Icon: {fileID: 0}
  m_NavMeshLayer: 0
  m_StaticEditorFlags: 0
  m_IsActive: 1
--- !u!114 &1386633733
MonoBehaviour:
  m_ObjectHideFlags: 0
  m_CorrespondingSourceObject: {fileID: 0}
  m_PrefabInstance: {fileID: 0}
  m_PrefabAsset: {fileID: 0}
  m_GameObject: {fileID: 1386633732}
  m_Enabled: 1
  m_EditorHideFlags: 0
  m_Script: {fileID: 11500000, guid: 4f231c4fb786f3946a6b90b886c48677, type: 3}
  m_Name: 
  m_EditorClassIdentifier: 
  m_HorizontalAxis: Horizontal
  m_VerticalAxis: Vertical
  m_SubmitButton: Submit
  m_CancelButton: Cancel
  m_InputActionsPerSecond: 10
  m_RepeatDelay: 0.5
  m_ForceModuleActive: 0
--- !u!114 &1386633734
MonoBehaviour:
  m_ObjectHideFlags: 0
  m_CorrespondingSourceObject: {fileID: 0}
  m_PrefabInstance: {fileID: 0}
  m_PrefabAsset: {fileID: 0}
  m_GameObject: {fileID: 1386633732}
  m_Enabled: 1
  m_EditorHideFlags: 0
  m_Script: {fileID: 11500000, guid: 76c392e42b5098c458856cdf6ecaaaa1, type: 3}
  m_Name: 
  m_EditorClassIdentifier: 
  m_FirstSelected: {fileID: 0}
  m_sendNavigationEvents: 1
  m_DragThreshold: 10
--- !u!4 &1386633735
Transform:
  m_ObjectHideFlags: 0
  m_CorrespondingSourceObject: {fileID: 0}
  m_PrefabInstance: {fileID: 0}
  m_PrefabAsset: {fileID: 0}
  m_GameObject: {fileID: 1386633732}
  m_LocalRotation: {x: 0, y: 0, z: 0, w: 1}
  m_LocalPosition: {x: 0, y: 0, z: 0}
  m_LocalScale: {x: 1, y: 1, z: 1}
  m_Children: []
  m_Father: {fileID: 0}
  m_RootOrder: 2
  m_LocalEulerAnglesHint: {x: 0, y: 0, z: 0}
--- !u!4 &1529186098 stripped
Transform:
  m_CorrespondingSourceObject: {fileID: 6335423315139592154, guid: 51501bc6a84b1b74eb7054f759ba88d3,
    type: 3}
  m_PrefabInstance: {fileID: 1620878503}
  m_PrefabAsset: {fileID: 0}
--- !u!1 &1580990761
GameObject:
  m_ObjectHideFlags: 0
  m_CorrespondingSourceObject: {fileID: 0}
  m_PrefabInstance: {fileID: 0}
  m_PrefabAsset: {fileID: 0}
  serializedVersion: 6
  m_Component:
  - component: {fileID: 1580990765}
  - component: {fileID: 1580990764}
  - component: {fileID: 1580990763}
  - component: {fileID: 1580990762}
  m_Layer: 5
  m_Name: UI
  m_TagString: Untagged
  m_Icon: {fileID: 0}
  m_NavMeshLayer: 0
  m_StaticEditorFlags: 0
  m_IsActive: 1
--- !u!114 &1580990762
MonoBehaviour:
  m_ObjectHideFlags: 0
  m_CorrespondingSourceObject: {fileID: 0}
  m_PrefabInstance: {fileID: 0}
  m_PrefabAsset: {fileID: 0}
  m_GameObject: {fileID: 1580990761}
  m_Enabled: 1
  m_EditorHideFlags: 0
  m_Script: {fileID: 11500000, guid: dc42784cf147c0c48a680349fa168899, type: 3}
  m_Name: 
  m_EditorClassIdentifier: 
  m_IgnoreReversedGraphics: 1
  m_BlockingObjects: 0
  m_BlockingMask:
    serializedVersion: 2
    m_Bits: 4294967295
--- !u!114 &1580990763
MonoBehaviour:
  m_ObjectHideFlags: 0
  m_CorrespondingSourceObject: {fileID: 0}
  m_PrefabInstance: {fileID: 0}
  m_PrefabAsset: {fileID: 0}
  m_GameObject: {fileID: 1580990761}
  m_Enabled: 1
  m_EditorHideFlags: 0
  m_Script: {fileID: 11500000, guid: 0cd44c1031e13a943bb63640046fad76, type: 3}
  m_Name: 
  m_EditorClassIdentifier: 
  m_UiScaleMode: 1
  m_ReferencePixelsPerUnit: 100
  m_ScaleFactor: 1
  m_ReferenceResolution: {x: 2280, y: 1080}
  m_ScreenMatchMode: 0
  m_MatchWidthOrHeight: 0
  m_PhysicalUnit: 3
  m_FallbackScreenDPI: 96
  m_DefaultSpriteDPI: 96
  m_DynamicPixelsPerUnit: 1
--- !u!223 &1580990764
Canvas:
  m_ObjectHideFlags: 0
  m_CorrespondingSourceObject: {fileID: 0}
  m_PrefabInstance: {fileID: 0}
  m_PrefabAsset: {fileID: 0}
  m_GameObject: {fileID: 1580990761}
  m_Enabled: 1
  serializedVersion: 3
  m_RenderMode: 0
  m_Camera: {fileID: 0}
  m_PlaneDistance: 100
  m_PixelPerfect: 0
  m_ReceivesEvents: 1
  m_OverrideSorting: 0
  m_OverridePixelPerfect: 0
  m_SortingBucketNormalizedSize: 0
  m_AdditionalShaderChannelsFlag: 25
  m_SortingLayerID: 0
  m_SortingOrder: 0
  m_TargetDisplay: 0
--- !u!224 &1580990765
RectTransform:
  m_ObjectHideFlags: 0
  m_CorrespondingSourceObject: {fileID: 0}
  m_PrefabInstance: {fileID: 0}
  m_PrefabAsset: {fileID: 0}
  m_GameObject: {fileID: 1580990761}
  m_LocalRotation: {x: 0, y: 0, z: 0, w: 1}
  m_LocalPosition: {x: 0, y: 0, z: 0}
  m_LocalScale: {x: 0, y: 0, z: 0}
  m_Children:
  - {fileID: 1617937931}
  m_Father: {fileID: 0}
  m_RootOrder: 1
  m_LocalEulerAnglesHint: {x: 0, y: 0, z: 0}
  m_AnchorMin: {x: 0, y: 0}
  m_AnchorMax: {x: 0, y: 0}
  m_AnchoredPosition: {x: 0, y: 0}
  m_SizeDelta: {x: 0, y: 0}
  m_Pivot: {x: 0, y: 0}
--- !u!1 &1617937930
GameObject:
  m_ObjectHideFlags: 0
  m_CorrespondingSourceObject: {fileID: 0}
  m_PrefabInstance: {fileID: 0}
  m_PrefabAsset: {fileID: 0}
  serializedVersion: 6
  m_Component:
  - component: {fileID: 1617937931}
  - component: {fileID: 1617937933}
  - component: {fileID: 1617937932}
  - component: {fileID: 1617937934}
  m_Layer: 5
  m_Name: ScreenWrapper
  m_TagString: Untagged
  m_Icon: {fileID: 0}
  m_NavMeshLayer: 0
  m_StaticEditorFlags: 0
  m_IsActive: 1
--- !u!224 &1617937931
RectTransform:
  m_ObjectHideFlags: 0
  m_CorrespondingSourceObject: {fileID: 0}
  m_PrefabInstance: {fileID: 0}
  m_PrefabAsset: {fileID: 0}
  m_GameObject: {fileID: 1617937930}
  m_LocalRotation: {x: -0, y: -0, z: -0, w: 1}
  m_LocalPosition: {x: 0, y: 0, z: 0}
  m_LocalScale: {x: 1, y: 1, z: 1}
  m_Children:
  - {fileID: 268551039}
  m_Father: {fileID: 1580990765}
  m_RootOrder: 0
  m_LocalEulerAnglesHint: {x: 0, y: 0, z: 0}
  m_AnchorMin: {x: 0, y: 0}
  m_AnchorMax: {x: 1, y: 1}
  m_AnchoredPosition: {x: 0, y: 0}
  m_SizeDelta: {x: 0, y: 0}
  m_Pivot: {x: 0.5, y: 0.5}
--- !u!114 &1617937932
MonoBehaviour:
  m_ObjectHideFlags: 0
  m_CorrespondingSourceObject: {fileID: 0}
  m_PrefabInstance: {fileID: 0}
  m_PrefabAsset: {fileID: 0}
  m_GameObject: {fileID: 1617937930}
  m_Enabled: 1
  m_EditorHideFlags: 0
  m_Script: {fileID: 11500000, guid: fe87c0e1cc204ed48ad3b37840f39efc, type: 3}
  m_Name: 
  m_EditorClassIdentifier: 
  m_Material: {fileID: 0}
  m_Color: {r: 0, g: 0, b: 0, a: 1}
  m_RaycastTarget: 1
  m_OnCullStateChanged:
    m_PersistentCalls:
      m_Calls: []
  m_Sprite: {fileID: 10907, guid: 0000000000000000f000000000000000, type: 0}
  m_Type: 1
  m_PreserveAspect: 0
  m_FillCenter: 1
  m_FillMethod: 4
  m_FillAmount: 1
  m_FillClockwise: 1
  m_FillOrigin: 0
  m_UseSpriteMesh: 0
  m_PixelsPerUnitMultiplier: 1
--- !u!222 &1617937933
CanvasRenderer:
  m_ObjectHideFlags: 0
  m_CorrespondingSourceObject: {fileID: 0}
  m_PrefabInstance: {fileID: 0}
  m_PrefabAsset: {fileID: 0}
  m_GameObject: {fileID: 1617937930}
  m_CullTransparentMesh: 0
--- !u!225 &1617937934
CanvasGroup:
  m_ObjectHideFlags: 0
  m_CorrespondingSourceObject: {fileID: 0}
  m_PrefabInstance: {fileID: 0}
  m_PrefabAsset: {fileID: 0}
  m_GameObject: {fileID: 1617937930}
  m_Enabled: 1
  m_Alpha: 1
  m_Interactable: 1
  m_BlocksRaycasts: 1
  m_IgnoreParentGroups: 0
--- !u!1001 &1620878503
PrefabInstance:
  m_ObjectHideFlags: 0
  serializedVersion: 2
  m_Modification:
    m_TransformParent: {fileID: 0}
    m_Modifications:
    - target: {fileID: 2675471873868205655, guid: 51501bc6a84b1b74eb7054f759ba88d3,
        type: 3}
      propertyPath: m_Name
      value: CameraDefaultPosition
      objectReference: {fileID: 0}
    - target: {fileID: 6335423315139592154, guid: 51501bc6a84b1b74eb7054f759ba88d3,
        type: 3}
      propertyPath: m_LocalPosition.x
      value: 0.29
      objectReference: {fileID: 0}
    - target: {fileID: 6335423315139592154, guid: 51501bc6a84b1b74eb7054f759ba88d3,
        type: 3}
      propertyPath: m_LocalPosition.y
      value: 6.6
      objectReference: {fileID: 0}
    - target: {fileID: 6335423315139592154, guid: 51501bc6a84b1b74eb7054f759ba88d3,
        type: 3}
      propertyPath: m_LocalPosition.z
      value: -4.46
      objectReference: {fileID: 0}
    - target: {fileID: 6335423315139592154, guid: 51501bc6a84b1b74eb7054f759ba88d3,
        type: 3}
      propertyPath: m_LocalRotation.x
      value: 0.37318522
      objectReference: {fileID: 0}
    - target: {fileID: 6335423315139592154, guid: 51501bc6a84b1b74eb7054f759ba88d3,
        type: 3}
      propertyPath: m_LocalRotation.y
      value: 0.006458913
      objectReference: {fileID: 0}
    - target: {fileID: 6335423315139592154, guid: 51501bc6a84b1b74eb7054f759ba88d3,
        type: 3}
      propertyPath: m_LocalRotation.z
      value: -0.0010597607
      objectReference: {fileID: 0}
    - target: {fileID: 6335423315139592154, guid: 51501bc6a84b1b74eb7054f759ba88d3,
        type: 3}
      propertyPath: m_LocalRotation.w
      value: 0.92773384
      objectReference: {fileID: 0}
    - target: {fileID: 6335423315139592154, guid: 51501bc6a84b1b74eb7054f759ba88d3,
        type: 3}
      propertyPath: m_RootOrder
      value: 0
      objectReference: {fileID: 0}
    - target: {fileID: 6335423315139592154, guid: 51501bc6a84b1b74eb7054f759ba88d3,
        type: 3}
      propertyPath: m_LocalEulerAnglesHint.x
      value: 0
      objectReference: {fileID: 0}
    - target: {fileID: 6335423315139592154, guid: 51501bc6a84b1b74eb7054f759ba88d3,
        type: 3}
      propertyPath: m_LocalEulerAnglesHint.y
      value: 0
      objectReference: {fileID: 0}
    - target: {fileID: 6335423315139592154, guid: 51501bc6a84b1b74eb7054f759ba88d3,
        type: 3}
      propertyPath: m_LocalEulerAnglesHint.z
      value: 0
      objectReference: {fileID: 0}
    - target: {fileID: 1992424281, guid: 51501bc6a84b1b74eb7054f759ba88d3, type: 3}
      propertyPath: m_IsActive
      value: 1
      objectReference: {fileID: 0}
    - target: {fileID: 1816144478, guid: 51501bc6a84b1b74eb7054f759ba88d3, type: 3}
      propertyPath: m_Enabled
      value: 1
      objectReference: {fileID: 0}
    m_RemovedComponents:
    - {fileID: 1816144475, guid: 51501bc6a84b1b74eb7054f759ba88d3, type: 3}
  m_SourcePrefab: {fileID: 100100000, guid: 51501bc6a84b1b74eb7054f759ba88d3, type: 3}
--- !u!1001 &8393340345576256003
PrefabInstance:
  m_ObjectHideFlags: 0
  serializedVersion: 2
  m_Modification:
    m_TransformParent: {fileID: 1529186098}
    m_Modifications:
    - target: {fileID: 8393340346274693089, guid: 547e51206beb68948b03c6c483f738ee,
        type: 3}
      propertyPath: m_Name
      value: FogPlaneBig
      objectReference: {fileID: 0}
    - target: {fileID: 8393340346274693088, guid: 547e51206beb68948b03c6c483f738ee,
        type: 3}
      propertyPath: m_LocalPosition.x
      value: 17.45395
      objectReference: {fileID: 0}
    - target: {fileID: 8393340346274693088, guid: 547e51206beb68948b03c6c483f738ee,
        type: 3}
      propertyPath: m_LocalPosition.y
      value: 2.2804196
      objectReference: {fileID: 0}
    - target: {fileID: 8393340346274693088, guid: 547e51206beb68948b03c6c483f738ee,
        type: 3}
      propertyPath: m_LocalPosition.z
      value: 1.9713566
      objectReference: {fileID: 0}
    - target: {fileID: 8393340346274693088, guid: 547e51206beb68948b03c6c483f738ee,
        type: 3}
      propertyPath: m_LocalRotation.x
      value: 0.70198035
      objectReference: {fileID: 0}
    - target: {fileID: 8393340346274693088, guid: 547e51206beb68948b03c6c483f738ee,
        type: 3}
      propertyPath: m_LocalRotation.y
      value: -0.0016036213
      objectReference: {fileID: 0}
    - target: {fileID: 8393340346274693088, guid: 547e51206beb68948b03c6c483f738ee,
        type: 3}
      propertyPath: m_LocalRotation.z
      value: 0.0063457894
      objectReference: {fileID: 0}
    - target: {fileID: 8393340346274693088, guid: 547e51206beb68948b03c6c483f738ee,
        type: 3}
      propertyPath: m_LocalRotation.w
      value: 0.71216625
      objectReference: {fileID: 0}
    - target: {fileID: 8393340346274693088, guid: 547e51206beb68948b03c6c483f738ee,
        type: 3}
      propertyPath: m_RootOrder
      value: 1
      objectReference: {fileID: 0}
    - target: {fileID: 8393340346274693088, guid: 547e51206beb68948b03c6c483f738ee,
        type: 3}
      propertyPath: m_LocalEulerAnglesHint.x
      value: 133
      objectReference: {fileID: 0}
    - target: {fileID: 8393340346274693088, guid: 547e51206beb68948b03c6c483f738ee,
        type: 3}
      propertyPath: m_LocalEulerAnglesHint.y
      value: 0
      objectReference: {fileID: 0}
    - target: {fileID: 8393340346274693088, guid: 547e51206beb68948b03c6c483f738ee,
        type: 3}
      propertyPath: m_LocalEulerAnglesHint.z
      value: 0
      objectReference: {fileID: 0}
    m_RemovedComponents: []
  m_SourcePrefab: {fileID: 100100000, guid: 547e51206beb68948b03c6c483f738ee, type: 3}
